 Dungeon Crawl Stone Soup version 0.21-a0-442-g848f44b (webtiles) character file.

135 Laiders the Magician (level 5, -2/28 HPs)
             Began as a Tengu Wizard on Nov 16, 2017.
             Slain by a bullfrog (3 damage)
             ... on level 3 of the Dungeon on Nov 17, 2017.
             The game lasted 00:10:05 (2978 turns).

Laiders the Magician (Tengu Wizard)                 Turns: 2978, Time: 00:10:06

Health: -2/28      AC:  2    Str:  8    XL:     5   Next: 18%
Magic:  3/12       EV: 11    Int: 19    God:
Gold:   87         SH:  3    Dex: 12    Spells: 4/12 levels left

rFire    . . .     SeeInvis .   e - +0 short sword
rCold    . . .     Gourm    .   k - +0 buckler (curse)
rNeg     . . .     Faith    .   a - +0 robe
rPois    .         Spirit   .   b - +0 hat
rElec    .         Reflect  .   (no cloak)
rCorr    .         Harm     .   (no gloves)
MR       .....                  (boots unavailable)
Stlth    ++........             (no amulet)
HPRegen  0.09/turn              (no ring)
MPRegen  0.13/turn              (no ring)

@: no status effects
A: beak, talons 3, able to fly 1
a: Fly


You were on level 3 of the Dungeon.
You were not hungry.

You visited 1 branch of the dungeon, and saw 3 of its levels.

You collected 87 gold pieces.

Inventory:

Hand Weapons
 e - a +0 short sword (weapon)
Armour
 a - a +0 robe (worn)
 b - a +0 hat (worn)
 k - a cursed +0 buckler (worn)
Jewellery
 q - an uncursed ring of see invisible {unknown}
Scrolls
 f - a scroll of enchant weapon {unknown}
 h - 2 scrolls of teleportation {unknown}
 i - a scroll of noise {unknown}
 j - a scroll of remove curse {unknown}
 m - 2 scrolls of recharging {unknown}
 n - a scroll of identify {unknown}
Potions
 o - a potion of might {unknown}
 p - a potion of heal wounds {unknown}
Books
 c - a book of Minor Magic

   Spells                             Type                      Level
   a - Magic Dart                     Conjuration                  1
   b - Blink                          Translocation                2
   c - Call Imp                       Summoning                    2
   d - Slow                           Hexes                        2
   e - Conjure Flame                  Conjuration/Fire             3
   f - Mephitic Cloud                 Conjuration/Poison/Air       3
Comestibles
 d - a bread ration
 g - 3 meat rations
 l - a royal jelly


   Skills:
 - Level 2.1 Dodging
 - Level 2.0 Stealth
 + Level 4.2 Spellcasting
 - Level 4.1 Conjurations
 + Level 2.4 Summonings
 - Level 0.7 Translocations


You had 4 spell levels left.
You knew the following spells:

 Your Spells              Type           Power        Failure   Level  Hunger
a - Magic Dart            Conj           ###.         4%          1    None
b - Call Imp              Summ           ##......     12%         2    #......
c - Blink                 Tloc           N/A          26%         2    #......
d - Mephitic Cloud        Conj/Pois/Air  #.......     36%         3    ###....


Dungeon Overview and Level Annotations

Branches:
Dungeon (3/15)

Altars:


Innate Abilities, Weirdness & Mutations

You have a beak for a mouth.
You have claws for feet.
You can fly.


Message History

The bullfrog closely misses you.
Casting: Magic Dart
Confirm with . or Enter, or press ? or * to list all spells.
Aiming: Magic Dart
Press: ? - help, Shift-Dir - straight line, f - bullfrog
Aim: a bullfrog The magic dart hits the bullfrog.
The bullfrog is moderately wounded.
The bullfrog hits you but does no damage.
Casting: Magic Dart
Confirm with . or Enter, or press ? or * to list all spells.
Aiming: Magic Dart
Press: ? - help, Shift-Dir - straight line, f/p - bullfrog
Aim: a bullfrog (moderately wounded)
The magic dart hits the bullfrog.
The bullfrog is moderately wounded.
The bullfrog hits you!
* * * LOW HITPOINT WARNING * * *
The bullfrog hits you.
You die...

#########
#.......#
#†#####.#
#.......#
#....#..#########
#..#.#..#..@Fo..#
#.†.......#####o#
#..###.#### #)#
######......# #o#
#...###.#####
#F.oo..#
..#..##.#
#.##.#.#
.###.>..# # #.#.#
..#(..### #.# #
#...#.#### #.#


You could see a bullfrog and 2 orcs.

Vanquished Creatures
  An orc priest (D:3)
  3 gnolls
  2 worms
  A dart slug (D:2)
  2 leopard geckos (D:1)
  6 bats
  A giant cockroach (D:2)
  5 goblins
  11 hobgoblins
  12 jackals
  A quokka (D:2)
  A frilled lizard (D:2)
  5 kobolds
  11 rats
62 creatures vanquished.

Notes
Turn   | Place    | Note
-------+----------+-------------------------------------------
     0 | D:1      | Laiders the Tengu Wizard began the quest for the Orb.
     0 | D:1      | Reached XP level 1. HP: 10/10 MP: 5/5
   328 | D:1      | Reached XP level 2. HP: 15/15 MP: 4/7
   332 | D:1      | Learned a level 2 spell: Call Imp
   335 | D:1      | Learned a level 2 spell: Blink
  1133 | D:1      | Reached XP level 3. HP: 8/19 MP: 0/8
  1775 | D:2      | Reached XP level 4. HP: 24/24 MP: 0/10
  1998 | D:2      | Learned a level 3 spell: Mephitic Cloud
  2964 | D:3      | Noticed a bullfrog
  2972 | D:3      | Gained mutation: You can fly. [Tengu growth]
  2972 | D:3      | Reached XP level 5. HP: 16/28 MP: 4/12
  2978 | D:3      | HP: 1/28 [bullfrog (7)]
  2978 | D:3      | Slain by a bullfrog

Vault maps used:
D:1:      nicolae_arrival_memento_mori, minmay_heptomino_d4
D:2:      minmay_close_crescents

Skill      XL: |  1  2  3  4 |
---------------+-------------+-----
Conjurations   | 2 3 4 |  4.1
Spellcasting   | 4 |  4.2
Summonings     | 2 |  2.4
Dodging        | |  2.1
Stealth        | |  2.0
Translocations | |  0.7

Action                   |  1- 3 |  4- 6 || total
-------------------------+-------+-------++-------
Melee: Short sword       |    22 |    27 ||    49
       Kick              |     2 |     6 ||     8
       Peck              |     2 |     4 ||     6
 Cast: Magic Dart        |    76 |    51 ||   127
  Eat: Chunk             |     2 |     4 ||     6
Armor: Robe              |     9 |     4 ||    13
Dodge: Dodged            |    14 |    26 ||    40
Block: Buckler           |     1 |     3 ||     4

Table legend:
 A = Spawn XP
 B = Non-spawn XP
 C = Spawn XP percentage of total XP
 D = Spawn monster count
 E = Non-spawn monster count
 F = Spawn count percentage of total count
 G = Total turns spent on level
                    A         B        C        D         E        F      G
               +---------+---------+-------+---------+---------+-------+---------
         Total |       0 |     193 |   0.0 |       0 |      62 |   0.0 |  2978
               +---------+---------+-------+---------+---------+-------+---------
           D:1 |       0 |      45 |   0.0 |       0 |      19 |   0.0 |  1363
           D:2 |       0 |      86 |   0.0 |       0 |      32 |   0.0 |  1359
           D:3 |       0 |      62 |   0.0 |       0 |      11 |   0.0 |   256
               +---------+---------+-------+---------+---------+-------+---------
